 Dungeon Crawl Stone Soup version 0.28-a0-973-ga7f8b01127 (webtiles) character file.

Game seed: 18441880242900509075

16 TheGamechu the Chucker (level 2, -1/27 HPs)
             Began as a Troll Hunter on Dec 1, 2021.
             Slain by Terence (5 damage)
             ... on level 2 of the Dungeon.
             The game lasted 00:02:02 (1079 turns).

TheGamechu the Chucker (Troll Hunter)               Turns: 1079, Time: 00:02:03

Health: -1/27      AC:  4    Str: 19    XL:     2   Next: 41%
Magic:  1/1        EV:  9    Int:  7    God:
Gold:   43         SH:  5    Dex: 10    Spells: 1/1 levels left

rFire   . . .      SeeInvis .     - Unarmed
rCold   . . .      Faith    .   (no shield)
rNeg    . . .      Spirit   .   b - +0 robe
rPois   .          Reflect  +   (helmet restricted)
rElec   .          Harm     .   (no cloak)
rCorr   .          Rampage  .   (gloves unavailable)
Will    .....                   (boots unavailable)
Stlth   +.........              g - amulet of reflection
HPRegen 0.89/turn               (no ring)
MPRegen 0.07/turn               (no ring)

@: no status effects
A: large, unfitting armour, claws 3, regeneration 1, shaggy fur 1, tough skin 1
a: no special abilities


You were on level 2 of the Dungeon.
You visited 1 branch of the dungeon, and saw 2 of its levels.

You collected 43 gold pieces.

Inventory:

Missiles
 c - 5 large rocks (quivered)
 d - 2 throwing nets
 j - 4 stones
Armour
 b - a +0 robe (worn)
Jewellery
 f - a ring of fire
 g - an amulet of reflection (around neck)
Potions
 e - a potion of haste {unknown}
 h - a potion of brilliance {unknown}
 i - a potion of heal wounds {unknown}


   Skills:
 - Level 1.5 Fighting
 - Level 3.6 Throwing
 - Level 1.5 Dodging
 - Level 0.3 Stealth
 + Level 2.1 Unarmed Combat


You had one spell level left.
You didn't know any spells.
Your spell library contained the following spells:

 Spells                   Type           Power      Damage    Failure   Level
 Freeze                   Ice            0%         1d3       43%         1
 Passwall                 Tmut/Erth      0%         N/A       56%         2
 Frozen Ramparts          Ice            0%         1d2       80%         3
 Swiftness                Air            0%         N/A       80%         3
 Hailstorm                Conj/Ice       0%         3d3       99%         4


Dungeon Overview and Level Annotations

Branches:
Dungeon (2/15)

Altars:

Annotations:
D:2 Terence


Innate Abilities, Weirdness & Mutations

You are too large for most types of armour.
You have claws for hands.
Your natural rate of healing is unusually fast.
You are covered in fur. (AC +1)
You have tough skin. (AC +1)


Message History

Found a stone staircase leading up.
A hobgoblin comes into view.
A hobgoblin is nearby!
The hobgoblin shouts!
The hobgoblin hits you.
You barely miss the hobgoblin.
Terence the Incautious comes into view.
He is wielding a +0 flail of protection.
The hobgoblin completely misses you.
Terence shouts!
You claw the hobgoblin!
You kill the hobgoblin!
Terence hits you with a +0 flail of protection.
You barely miss Terence. Terence barely misses you.
You scratch Terence.
Terence is moderately wounded.
Terence hits you with a +0 flail of protection.
You scratch Terence.
Terence is heavily wounded.
Terence hits you with a +0 flail of protection!
You are too injured to fight recklessly!
You are too injured to fight recklessly!
You are too injured to fight recklessly!
You scratch Terence.
Terence is severely wounded.
Terence barely misses you.
You scratch Terence.
Terence is almost dead.
Terence hits you with a +0 flail of protection.
You barely miss Terence.
Terence is almost dead.
Terence hits you with a +0 flail of protection!
* * * LOW HITPOINT WARNING * * *
You scratch Terence but do no damage.
Terence is almost dead.
You block Terence's attack.
You barely miss Terence.
Terence is almost dead.
Terence shouts, "Get ready for death!"
Terence hits you with a +0 flail of protection.
You die...

..# #.####.#.#
#. ##.#
#.####....####.
#.#
##.......#...)..
#..
.........#...###
#. #..[..#####.#
#. #.###...#...#
#####.####.#
###.#.###
...........#
#<..# #.@@...##
##.##
#####...#####.#
#.........#
#...#######
#####


You could see Terence.

Vanquished Creatures
  A dart slug (D:1)
  3 endoplasms (D:1)
  A giant cockroach (D:1)
  3 goblins (D:1)
  A hobgoblin (D:2)
  A ball python (D:1)
  2 frilled lizards
  A kobold (D:2)
13 creatures vanquished.

Notes
Turn   | Place    | Note
-------+----------+-------------------------------------------
     0 | D:1      | TheGamechu the Troll Hunter began the quest for the Orb.
     0 | D:1      | Reached XP level 1. HP: 19/19 MP: 0/0
    93 | D:1      | Reached skill level 1 in Unarmed Combat
   318 | D:1      | Reached XP level 2. HP: 27/27 MP: 1/1
   426 | D:1      | Found a faded altar of an unknown god.
  1067 | D:2      | Noticed Terence
  1079 | D:2      | Slain by Terence

Illustrated notes

Levels and vault maps discovered:
D:1:      dpeg_arrival_oval, layout_basic, serial_corexii_hall,
          corexii_hall_statues_x, corexii_hall_statues_deadend,
          hellmonk_ecumenical_altar_heavens_door
D:2:      layout_loops_ring, basic_altar, minmay_parallelograms,
          chequers_serial_rivers_small_3, minmay_fractal_squares_gapless_5,
          uniq_terence

Skill      XL: |  1  2 |
---------------+-------+-----
Unarmed Combat | 1 2 |  2.1
Fighting       | |  1.5
Throwing       | |  3.6
Dodging        | |  1.5
Stealth        | |  0.3

Action                   || total
-------------------------++-------
Melee: Short sword       ||    30
       Unarmed           ||    17
Armor: Robe              ||    10
Dodge: Dodged            ||    15
Block: Other             ||     7

Table legend: (Time is in decaauts)
 A = Elapsed time spent in this place.
 B = Non-inter-level travel time spent in this place.
 C = Inter-level travel time spent in this place.
 D = Time resting spent in this place.
 E = Time spent auto-exploring this place.
 F = Levels seen in this place.
 G = Mean time per level.
                   A        B        C        D        E       F      G
               +--------+--------+--------+--------+--------+-----+--------+
         Total |   1081 |   1036 |     45 |      0 |    926 |   2 |  540.5 |
       Dungeon |   1081 |   1036 |     45 |      0 |    926 |   2 |  540.5 |
               +--------+--------+--------+--------+--------+-----+--------+

Top non-repeatable levels by time:
     D:1: 969 daAuts
     D:2: 112 daAuts
